 Dungeon Crawl Stone Soup version 0.19-a0-32-gbfd796a (webtiles) character file.

57 M4edhros the Grave Robber (level 4, -2/27 HPs)
             Began as an Octopode Necromancer on May 2, 2016.
             Slain by an orc
             ... wielding a +0 flail
              (9 damage)
             ... on level 3 of the Dungeon.
             The game lasted 00:03:27 (532 turns).

M4edhros the Grave Robber (Octopode Necromancer)     Turns: 532, Time: 00:03:29

Health: -2/27      AC:  1    Str:  7    XL:     4   Next: 0%
Magic:  1/7        EV: 12    Int: 17    God:
Gold:   25         SH:  0    Dex: 13    Spells: 3 memorised, 2 levels left

rFire  . . .     SeeInvis .       - Unarmed
rCold  . . .     Gourm    .     (no shield)
rNeg   . . .     Faith    .     (helmet restricted)
rPois  .         Spirit   .     (no amulet)
rElec  .         Dismiss  .     (no ring)
rCorr  .         Reflect  .     (no ring)
SustAt .         Harm     .     (no ring)
MR     .....                    (no ring)
Stlth  +++.......               (no ring)
                                (no ring)
                                (no ring)
                                (no ring)

@: regenerating (expiring), not resistant to hostile enchantments, fairly
stealthy
A: almost no armour, amphibious, 8 rings, constrict 8, camouflage 1, gelatinous
body 1
a: no special abilities


You were on level 3 of the Dungeon.
You were not hungry.

You visited 1 branch of the dungeon, and saw 3 of its levels.

You collected 25 gold pieces.

Inventory:

Armour
 d - a +0 shield
Scrolls
 c - a scroll of remove curse {unknown}
 e - 4 scrolls of identify {unknown}
 f - a scroll of magic mapping {unknown}
 i - a scroll of immolation {unknown}
 j - a scroll of teleportation {unknown}
Books
 a - a book of Necromancy

   Spells                             Type                      Level
   a - Pain                           Necromancy                   1
   b - Animate Skeleton               Necromancy                   1
   c - Vampiric Draining              Necromancy                   3
   d - Regeneration                   Charms/Necromancy            3
   e - Animate Dead                   Necromancy                   4
   f - Control Undead                 Necromancy                   4
Comestibles
 b - a bread ration
 k - 4 chunks of flesh


   Skills:
 - Level 2.0 Dodging
 - Level 2.6 Stealth
 + Level 3.4 Unarmed Combat
 - Level 2.0 Spellcasting
 - Level 4.0 Necromancy


You had 2 spell levels left.
You knew the following spells:

 Your Spells              Type           Power        Failure   Level  Hunger
a - Pain                  Necr           ###.         3%          1    #......
b - Animate Skeleton      Necr           N/A          3%          1    #......
r - Regeneration          Chrm/Necr      #.........   24%         3    ###....


Dungeon Overview and Level Annotations

Branches:
Dungeon (3/15)

Altars:
Fedhas

Annotations:
D:2 Crazy Yiuf, Sigmund


Innate Abilities, Weirdness & Mutations

You cannot wear most types of armour.
You are amphibious.
You can wear up to eight rings at the same time.
You can use your tentacles to constrict eight enemies at once.
Your skin changes colour to match your surroundings (Stealth).
Your rubbery body absorbs attacks (AC +1).


Message History

The orc wizard blinks!
Casting: Regeneration
Confirm with . or Enter, or press ? or * to list all spells.
Your skin crawls.
The orc barely misses you.
There is a stone staircase leading up here.
Your skin is crawling a little less now.
You tentacle-slap the orc but do no damage.
Your grab misses the orc. Your squeeze misses the orc.
The orc hits you with a flail!
* * * LOW HITPOINT WARNING * * *
You tentacle-slap the orc but do no damage.
Your grab misses the orc. The orc barely misses you.
The orc wizard casts a spell.
The orc wizard blinks!
You barely miss the orc. Your grab misses the orc. Your squeeze misses the orc.
The orc wizard mumbles some strange words.
The orc wizard blinks!
You barely miss the orc. Your grab misses the orc.
The orc hits you with a flail!
You die...

###
#@#
#o#
#b#
#.#
#.#
#ยง#
#.#
#.#
#)#


You could see an orc and a bat.

Vanquished Creatures
  An orc wizard (D:3)
  An adder (D:2)
  A worm (D:2)
  A dart slug (D:1)
  A giant gecko (D:1)
  An orc (D:3)
  2 hobgoblins
  3 giant newts (D:2)
  A goblin (D:1)
  2 kobolds (D:2)
  4 rats
18 creatures vanquished.

Notes
Turn   | Place    | Note
--------------------------------------------------------------
     0 | D:1      | M4edhros the Octopode Necromancer began the quest for the Orb.
     0 | D:1      | Reached XP level 1. HP: 11/11 MP: 3/3
    34 | D:1      | Reached skill level 1 in Unarmed Combat
    55 | D:1      | Reached XP level 2. HP: 13/17 MP: 3/5
   125 | D:2      | Found a blossoming altar of Fedhas.
   445 | D:2      | Reached XP level 3. HP: 9/21 MP: 1/6
   457 | D:2      | Learned a level 1 spell: Animate Skeleton
   461 | D:2      | Learned a level 3 spell: Regeneration
   469 | D:2      | Noticed Sigmund
   477 | D:2      | Noticed Crazy Yiuf
   519 | D:3      | Reached XP level 4. HP: 17/27 MP: 3/7
   532 | D:3      | Slain by an orc

Vault maps used:
D:1:      moated_graveyard_arrival
D:2:      tgw_fedhas, uniq_crazy_yiuf_cottage, uniq_sigmund
D:3:      nicolae_ru_the_path_less_chosen

Skill      XL: |  1  2  3 |
---------------+----------+-----
Unarmed Combat | 1 2 3 |  3.4
Dodging        | |  2.0
Stealth        | |  2.6
Spellcasting   | |  2.0
Necromancy     | |  4.0

Action                   |  1- 3 |  4- 6 || total
-------------------------+-------+-------++-------
Melee: Unarmed           |    36 |     5 ||    41
       Constrict         |    12 |       ||    12
       Tentacles         |     5 |       ||     5
       Punch             |     1 |       ||     1
 Cast: Pain              |    11 |       ||    11
       Regeneration      |     2 |     1 ||     3
  Use: Potion            |     2 |       ||     2
 Stab: Sleeping          |     4 |       ||     4
Armor: Skin              |     2 |       ||     2
Dodge: Dodged            |     5 |     3 ||     8
Block: Shield            |     8 |       ||     8
